 Dungeon Crawl Stone Soup version 0.30-a0-591-g3c58d2bc28 (webtiles) character file.

Game seed: 13311920572575663600

175 Leeroy the Insei (level 5, -2/37 HPs)
             Began as a Merfolk Transmuter on Jan 5, 2023.
             Splashed by a jelly's acid (7 damage)
             ... on level 4 of the Dungeon.
             The game lasted 00:04:08 (1878 turns).

Leeroy the Insei (Merfolk Transmuter)               Turns: 1878, Time: 00:04:09

Health: -2/37      AC: -6    Str: 10    XL:     5   Next: 55%
Magic:  5/8        EV: 20    Int: 14    God:
Gold:   147        SH:  0    Dex: 20    Spells: 4/8 levels left

rFire   . . .      SeeInvis .      - Unarmed
rCold   . . .      Faith    .    (shield currently unavailable)
rNeg    . . .      Spirit   .    (body armour currently unavailable)
rPois   x          Reflect  .    (helmet currently unavailable)
rElec   .          Harm     .    (cloak currently unavailable)
rCorr   .          Rampage  .    (gloves currently unavailable)
Will    .....                    (boots currently unavailable)
Stlth   ++                       (no amulet)
HPRegen 0.26/turn                d - ring of flight
MPRegen 0.11/turn                (no ring)

@: spider-form (expiring), corroded, flying
A: venomous fangs, tiny, (nimble swimmer 2), (mertail)
a: End Transformation


You were on level 4 of the Dungeon.
You were a venomous arachnid creature.
You visited 1 branch of the dungeon, and saw 4 of its levels.

You collected 147 gold pieces.

Inventory:

Hand Weapons
 e - a +2 dagger of protection
Armour
 a - a +0 robe (melded)
Jewellery
 d - a ring of flight (left front leg)
 i - an amulet of guardian spirit
Wands
 k - a wand of iceblast (9)
Scrolls
 f - a scroll of identify
 h - a scroll of amnesia
 n - a scroll of immolation {unknown}
Potions
 b - a potion of lignification
 g - a potion of degeneration {unknown}
 m - a potion of curing {unknown}
 o - a potion of mutation {unknown}


   Skills:
 - Level 1.1 Fighting
 - Level 2.6 Dodging
 + Level 6.6 Unarmed Combat
 - Level 2.0 Spellcasting
 - Level 2.6 Transmutations


You had 4 spell levels left.
You knew the following spells:

 Your Spells              Type           Power      Damage    Failure   Level
a - Beastly Appendage     Tmut           16%        N/A       21%         1
b - Spider Form           Tmut/Pois      5%         N/A       61%         3

Your spell library contained the following spells:

 Spells                   Type           Power      Damage    Failure   Level
 Wereblood                Tmut           8%         N/A       28%         2
 Ice Form                 Ice/Tmut       5%         N/A       92%         4


Dungeon Overview and Level Annotations

Branches:
Dungeon (4/15)
 Temple: D:4-7

Altars:
Fedhas

Shops:
D:1 (


Innate Abilities, Weirdness & Mutations

You are a venomous arachnid creature.
You have poisonous fangs.
You are tiny and dextrous.
Your spellcasting is less reliable in this form.
Your armour is entirely melded.
You are incapable of wielding weapons or throwing items.
((You are very nimble when in or above water. (Stealth+, EV+, Speed+++)))
((Your lower body shifts to a powerful aquatic tail in water.))


Message History

You start resting.
Your magical contamination has completely faded away.
You start resting.
Your transformation is almost over.
Your transformation has ended.
Your +0 robe unmelds from your body.
You start resting.
Magic restored.
HP restored.
Found a stone staircase leading down.
A jelly comes into view.
Casting: Spider Form (quite dangerous; 38% risk of failure)
Confirm with . or Enter, or press ? or * to list all spells.
The spell is quite dangerous to miscast (38% risk of failure)!
Continue anyway?
You turn into a venomous arachnid creature.
Your +0 robe melds into your body.
Your transformation is almost over.
The jelly quivers.
You bite the jelly!
Your front legs burn!
The jelly is severely wounded.
The jelly closely misses you.
You hit the jelly.
Your front legs burn!
The jelly is severely wounded.
The jelly hits you. The acid corrodes you!
You are splashed with acid!
You hit the jelly but do no damage.
Your front legs burn!
The jelly is severely wounded.
The jelly hits you. The acid corrodes you!
You are splashed with acid!
* * * LOW HITPOINT WARNING * * *
You are too injured to fight recklessly!
You are too injured to fight recklessly!
You are too injured to fight recklessly!
You are too injured to fight recklessly!
You are too injured to fight recklessly!
You hit the jelly but do no damage.
Your front legs burn!
* * * LOW HITPOINT WARNING * * *
The jelly is severely wounded.
The jelly hits you.
* * * LOW HITPOINT WARNING * * *
You are splashed with acid!
You die...

,,,**,,*,**.....#...##**,* *,*
,,,,,,,*,,,,.........,,,,* *,*
,,,***,*****,...#...#***** *,*
,,,***,* ***#.....# **,* ,,,**,,*
#.....# ***,,* ,,,**,**
######.....## *,,,** ,,,**,*
#...........### *,***
,,,**,***#........##...# **,*
,,,,,,,,*#......s####..####..*
,,<**,*,*#.....J....#.......#*
,,,,,,,,,........##.#.#..####
,,,,,,,,,........##...##..###*
,,,,,,,,*#......>............****
,,,,^,,,*#......####..##.#...,,,,
,,,,,,,,*#......#............**,,
,,,,,,,,*#......#..........#.,,,,
,,,,,,,,********#..........#***,,


You could see a jelly.

Vanquished Creatures
  An ogre (D:4)
  An iguana (D:4)
  An adder (D:3)
  A dart slug (D:3)
  5 orcs (D:3)
  5 ball pythons
  7 bats
  4 endoplasms (D:1)
  A giant cockroach (D:1)
  7 goblins
  4 hobgoblins
  4 kobolds
  2 quokkas
  4 frilled lizards
  4 rats
51 creatures vanquished.

Notes
Turn   | Place    | Note
-------+----------+-------------------------------------------
     0 | D:1      | Leeroy the Merfolk Transmuter began the quest for the Orb.
     0 | D:1      | Reached XP level 1. HP: 15/15 MP: 3/3
   128 | D:1      | Reached XP level 2. HP: 21/21 MP: 5/5
   145 | D:1      | Reached skill level 4 in Unarmed Combat
   587 | D:1      | Reached XP level 3. HP: 14/26 MP: 6/6
   650 | D:1      | Found Qygimor's Antique Weapon Shoppe.
  1037 | D:2      | You are sucked into a shaft and drop 1 floor!
  1057 | D:3      | Learned a level 3 spell: Spider Form
  1113 | D:3      | Reached skill level 5 in Unarmed Combat
  1278 | D:3      | Found a blossoming altar of Fedhas.
  1346 | D:3      | Reached XP level 4. HP: 27/32 MP: 7/7
  1419 | D:4      | Noticed an ogre
  1457 | D:4      | Killed an ogre
  1458 | D:4      | Reached skill level 6 in Unarmed Combat
  1458 | D:4      | Reached XP level 5. HP: 9/37 MP: 8/8
  1878 | D:4      | Splashed by a jelly's acid

Illustrated notes

Levels and vault maps discovered:
D:1:      dpeg_arrival_houses_and_road, layout_basic, serial_shops,
          nicolae_shop_crystal
D:2:      layout_basic, shapermc_ecumenical_altar_rom_forum
D:3:      layout_rooms, fedhas_altar_3, serial_corexii_hall,
          corexii_hall_statues_l, corexii_hall_statues_deadend,
          corexii_hall_statues_i, corexii_hall_statues_deadend
D:4:      layout_rooms

Skill      XL: |  1  2  3  4 |
---------------+-------------+-----
Unarmed Combat | 4 5 6 |  6.6
Fighting       | |  1.1
Dodging        | |  2.6
Spellcasting   | |  2.0
Transmutations | |  2.6

Action                   |  1- 3 |  4- 6 || total
-------------------------+-------+-------++-------
Melee: Unarmed           |   120 |    34 ||   154
       Punch             |     4 |     1 ||     5
       Headbutt          |     2 |       ||     2
 Cast: Spider Form       |     3 |     2 ||     5
       Beastly Appendage |     2 |       ||     2
  Use: Scroll            |       |     4 ||     4
       Potion            |       |     1 ||     1
 Stab: Sleeping          |     2 |     1 ||     3
Armor: Robe              |    16 |     4 ||    20
Dodge: Dodged            |    77 |    14 ||    91

Table legend: (Time is in decaauts)
 A = Elapsed time spent in this place.
 B = Non-inter-level travel time spent in this place.
 C = Inter-level travel time spent in this place.
 D = Time resting spent in this place.
 E = Time spent auto-exploring this place.
 F = Levels seen in this place.
 G = Mean time per level.
                   A        B        C        D        E       F      G
               +--------+--------+--------+--------+--------+-----+--------+
         Total |   1862 |   1835 |     27 |    299 |   1184 |   4 |  465.5 |
       Dungeon |   1862 |   1835 |     27 |    299 |   1184 |   4 |  465.5 |
               +--------+--------+--------+--------+--------+-----+--------+

Top non-repeatable levels by time:
     D:1: 937 daAuts
     D:4: 456 daAuts
     D:3: 377 daAuts
     D:2: 91 daAuts
